cohdb
Replays
Latest Replays
All Replays
Popular Replays
Top Player Replays
Match Explorer
How It Works
Community
CoH3 Stats
Reddit
Sign in to upload your games and track your stats! →
Sign in with Steam
Match 45302417
Unlisted
Match 45302417
Overview
Messages
Build Orders
End
Construct Section Command Post
Selects Indian Artillery Battlegroup
Vickers Machine Gun Team
Infantry Section
Infantry Section
Construct Platoon Command Post
CMP 15cwt Truck
Selects Artillery Saturation
6-pounder Anti-tank Gun Team
Humber Armored Car
Grenade Package
Selects Valour
Selects Gurkha Rifles Section
Gurkha Rifles Section
6-pounder Anti-tank Gun Team
Construct Company Command Post
Selects Off-map Airburst Barrage
Off-map Airburst Barrage
Crusader II Medium Tank
Crusader II Medium Tank
Selects BL5.5 Artillery Emplacement
Crusader II Medium Tank
Royal Engineer Section
Off-map Airburst Barrage
Crusader II Medium Tank
Crusader II Medium Tank
Off-map Airburst Barrage
Selects Volunteer Infantry
Crusader II Medium Tank
Off-map Airburst Barrage
Crusader II Medium Tank
Off-map Airburst Barrage
DJ-DeepN
Bubbciss
Luzinit24
Altair9527
【HAN】biabiabiabiabiabiabiabi
Rice Cat
游戏玩家
Chunow
0
0
Comments
sign in to comment!
No comments posted yet!